Map: Brückenkopf LE (Void)

Players

Galabalabing

  • Race: Zerg Zerg
  • League: Diamond

Abbadon - Winner!

  • Race: Terran Terran
  • League: Diamond

VOD

Have the link to the VOD?

Description

Time

  • Played on: Sept. 30, 2015, 6:13 p.m.
  • Length: 10:57
Show
View Real Time Build Order
Export as new Build Order

Galabalabing Zerg 

Build Orders: Hatch First, Muta Ling Bane 

Get SALT Encoding   

  12  0:01  Drone  
  13  0:14  Overlord  
  13  0:19  Drone  
  14  0:32  Drone  
  14  0:33  Drone  
  16  0:36  Drone  
  17  0:47  Drone  
  18  0:58  Hatchery  
  18  1:00  Drone  
  19  1:11  Drone  
  19  1:15  Extractor  
  18  1:19  Drone  
  18  1:24  Spawning Pool  
  18  1:30  Drone  
  19  1:43  Overlord  
  19  1:51  Drone  
  20  2:04  Drone  
  21  2:12  Queen x2  
  21  2:13  Zergling x4  
  27  2:16  Metabolic Boost  
  27  2:29  Extractor  
  26  2:31  Hatchery  
  25  2:37  Drone  
  25  2:38  Drone x2  
  28  2:46  Overlord  
  28  2:47  Drone x2  
  30  2:55  Queen  
  32  3:06  Drone x3  
  35  3:20  Drone  
  35  3:21  Drone x6  
  42  3:40  Overlord  
  42  3:41  Overlord  
  42  3:52  Drone x6  
  48  4:01  Extractor x2  
  46  4:04  Drone x3  
  46  4:05  Drone x7  
  56  4:17  Lair  
  56  4:23  Hatchery  
  55  4:24  Evolution Chamber x2  
  55  4:25  Spine Crawler  
  55  4:30  Overlord  
  52  4:33  Zergling x10  
  57  4:39  Queen  
  59  4:46  Spore Crawler, Drone x2  
  59  4:47  Drone x2  
  61  4:53  Drone x5  
  63  5:03  Overlord  
  63  5:08  Drone  
  63  5:09  Drone x5  
  68  5:16  Zerg Ground Armor Level 1, Zerg Melee Weapons Level 1  
  68  5:20  Zergling x2  
  68  5:21  Zergling x6  
  71  5:34  Zergling x6  
  71  5:35  Overlord  
  73  5:37  Drone x2  
  73  5:41  Extractor  
  73  5:42  Spire  
  73  5:47  Drone  
  73  5:48  Drone x5  
  78  6:04  Baneling Nest  
  78  6:08  Zergling x22  
  78  6:09  Zergling x2  
  86  6:32  Drone  
  86  6:33  Drone x9  
  86  6:35  Extractor  
  86  6:36  Extractor  
  92  6:42  Overlord x4  
  92  6:50  Overlord  
  90  6:55  Mutalisk  
  90  6:56  Mutalisk  
  94  7:03  Pneumatized Carapace  
  94  7:04  Centrifical Hooks  
  94  7:05  Mutalisk x3  
  100  7:12  Baneling x4  
  100  7:13  Baneling x4  
  100  7:14  Zergling x2  
  100  7:15  Zergling x14  
  108  7:17  Baneling x2  
  108  7:18  Hatchery, Baneling  
  108  7:20  Baneling  
  108  7:21  Baneling  
  107  7:23  Zergling x10  
  107  7:29  Overseer  
  112  7:31  Zergling x2  
  112  7:32  Zergling x10  
  112  7:34  Baneling  
  112  7:35  Baneling x4  
  95  7:58  Zergling x4  
  88  7:59  Zergling x30  
  104  8:08  Zerg Ground Armor Level 2, Zerg Melee Weapons Level 2  
  104  8:14  Zergling x2  
  104  8:15  Zergling x12  
  104  8:17  Zergling x2  
  104  8:18  Zergling x4  
  114  8:20  Baneling x3  
  114  8:21  Baneling  
  114  8:22  Baneling  
  107  8:38  Baneling  
  107  8:39  Baneling x5  
  105  8:42  Zergling x20  
  105  8:43  Zergling x6  
  108  8:53  Zergling x14  
  93  9:06  Baneling x7  
  93  9:07  Baneling  
  66  9:35  Baneling x6  
  66  9:36  Baneling x2  
  66  9:37  Zergling x2  
  66  9:38  Zergling x24  
  75  9:41  Baneling  
  75  9:42  Baneling x5  
  75  9:44  Zergling x2  
  75  9:45  Zergling x4  
  78  9:46  Queen  
  78  9:52  Zergling x8  
  71  9:56  Baneling  
  71  9:57  Baneling x8  
  71  9:58  Baneling x4  
  71  9:59  Baneling  
  48  10:25  Infestation Pit  
  48  10:27  Zergling x2  
  48  10:28  Zergling x14  
  54  10:37  Zergling x2  
  54  10:38  Zergling x2  
  54  10:42  Baneling x2  
Show
View Real Time Build Order
Export as new Build Order

Abbadon Terran - Winner!

Build Orders: Reaper Expand, MMM Bio 

Get SALT Encoding   

  12  0:01  SCV  
  13  0:13  SCV  
  14  0:18  Supply Depot  
  14  0:25  SCV  
  15  0:39  SCV  
  15  0:41  Barracks  
  16  0:46  Refinery  
  16  0:51  SCV  
  17  1:04  SCV  
  18  1:16  SCV  
  19  1:29  Reaper, Orbital Command  
  20  1:42  Command Center  
  20  1:48  Supply Depot  
  20  1:55  SCV  
  21  2:07  SCV, Factory  
  22  2:12  Refinery  
  22  2:19  SCV  
  23  2:27  Barracks Reactor  
  23  2:31  SCV  
  24  2:43  SCV  
  25  2:55  Factory Tech Lab, SCV  
  25  2:56  Orbital Command  
  26  3:01  Starport  
  26  3:03  Marine x2  
  28  3:07  SCV  
  28  3:12  Supply Depot  
  29  3:19  SCV  
  30  3:21  Siege Tank, Marine x2  
  35  3:27  SCV  
  35  3:31  SCV  
  37  3:39  SCV, Marine x2  
  37  3:40  Medivac  
  42  3:43  SCV  
  42  3:51  SCV  
  43  3:56  Command Center, Supply Depot  
  43  3:57  Marine x2  
  43  3:59  SCV  
  46  4:03  SCV  
  46  4:06  Siege Tank  
  50  4:11  SCV  
  51  4:18  Marine x2  
  51  4:21  Medivac  
  51  4:24  SCV x2  
  56  4:29  Supply Depot  
  57  4:31  Supply Depot  
  57  4:36  SCV x2  
  59  4:48  SCV x2  
  59  4:49  Marine  
  59  4:50  Stimpack  
  59  4:51  Hellion x2  
  66  4:56  Barracks x2  
  66  4:57  Barracks  
  66  5:00  SCV x2  
  68  5:07  Marine  
  68  5:09  Orbital Command  
  68  5:12  SCV x2, Hellion  
  68  5:13  Hellion  
  75  5:17  Engineering Bay  
  75  5:18  Engineering Bay  
  75  5:19  Refinery  
  75  5:27  Marine  
  76  5:32  SCV  
  76  5:34  Hellion x2  
  81  5:35  Starport Reactor  
  81  5:43  Orbital Command  
  81  5:44  Refinery, Marine  
  81  5:45  Terran Infantry Weapons Level 1, Terran Infantry Armor Level 1  
  81  5:46  SCV x2  
  84  5:50  Barracks Reactor  
  84  5:51  Barracks Reactor  
  84  5:55  Barracks Reactor  
  84  6:02  Marine  
  85  6:10  Widow Mine x2  
  89  6:14  SCV  
  89  6:15  SCV x2  
  92  6:20  Marine  
  93  6:30  Supply Depot x2, SCV x2, Medivac x2  
  93  6:31  Supply Depot x2, Marine x2  
  93  6:32  Supply Depot  
  101  6:35  Marine x2  
  101  6:36  SCV  
  101  6:51  SCV x2, Hellion x2, Marine x2  
  101  6:52  Marine x3  
  101  6:53  Marine x2  
  114  6:54  Combat Shields  
  114  7:00  Supply Depot x2  
  114  7:09  Marine x5  
  114  7:11  Marine x2  
  121  7:16  Widow Mine x2  
  121  7:17  Medivac x2  
  129  7:27  Marine x5  
  129  7:28  Barracks  
  129  7:29  Armory, Barracks, Marine  
  135  7:31  Marine  
  136  7:44  Marine x2  
  136  7:45  Marine x3  
  119  7:51  Marine x2  
  119  7:54  Widow Mine  
  113  8:02  Marine x2  
  113  8:03  Marine x3  
  114  8:08  Widow Mine  
  114  8:09  Medivac x2, Marine x2  
  122  8:17  Marine  
  122  8:19  Barracks Reactor  
  123  8:20  Terran Infantry Armor Level 2, Terran Infantry Weapons Level 2, Marine x2  
  123  8:21  Marine x3  
  123  8:22  Widow Mine  
  123  8:27  Marine x2  
  132  8:35  Marine  
  132  8:38  Marine x2  
  132  8:39  Marine x3  
  132  8:41  Medivac x2  
  140  8:42  SCV  
  140  8:44  Marine  
  140  8:45  Marine  
  140  8:48  Widow Mine  
  140  8:51  Widow Mine  
  140  8:53  Marine  
  145  8:56  Marine x6  
  145  8:58  Marine  
  145  9:02  Marine x2  
  134  9:11  Medivac, Marine  
  134  9:13  Marine x2  
  134  9:14  Marine x3  
  140  9:17  Marine, Widow Mine  
  140  9:18  Marine  
  140  9:19  Widow Mine  
  140  9:20  Marine x2  
  148  9:29  Marine  
  149  9:31  Marine x3  
  149  9:32  Marine x2  
  149  9:35  Marine  
  149  9:36  Marine  
  149  9:38  Marine x2  
  148  9:46  Marine, Widow Mine  
  148  9:48  Widow Mine  
  148  9:49  Marine x3  
  148  9:50  Marine  
  157  10:08  Supply Depot  
  157  10:09  Supply Depot  
  157  10:11  Supply Depot x2  
  157  10:13  Marine x3  
  149  10:14  Widow Mine  
  149  10:17  Widow Mine, Marine  
  149  10:18  Marine x2  
  149  10:19  Marine x2  
  139  10:24  Marine x2  
  139  10:30  Marine  
  139  10:33  Marine x2  
  139  10:35  Marine  
  143  10:38  Marine  
  143  10:39  Marine  
Tags
 
Add a new tag
Caveats
  • Supply blocks, unpowered buildings, or Contaminate may cause inaccurate times.
  • Supply counts are checked every 10 seconds.